 Dungeon Crawl Stone Soup version 0.32-a0-411-g744942f433 (webtiles) character file.

Game seed: 3973070711718337417

798 ezpacito the Trooper (level 7, -1/82 HPs)
             Began as a Demonspawn Chaos Knight on Feb 21, 2024.
             Was a Plaything of Xom.
             Succumbed to a gnoll sergeant's poison
             ... on level 5 of the Dungeon.
             The game lasted 00:05:21 (3786 turns).

ezpacito the Trooper (Demonspawn Chaos Knight)      Turns: 3786, Time: 00:05:22

Health: -1/82      AC: 15    Str: 14    XL:     7   Next: 58%
Magic:  10/10      EV:  8    Int: 13    God:    Xom [*.....]
Gold:   162        SH:  4    Dex: 18    Spells: 11/11 levels left

rFire   . . .        a - +1 hand axe (chaos)
rCold   . . .        (no shield)
rNeg    + . .        n - +5 chain mail {rN+}
rPois   .            (helmet restricted)
rElec   .            (no cloak)
rCorr   .            (no gloves)
SInv    .            o - +0 pair of boots
Will    .....        (no amulet) Stlth
                     v - +6 ring of dexterity
HPRegen 0.33/turn    (no ring)
MPRegen 0.12/turn

%: no passive effects
@: berserking, lethally poisoned (-1 -> -22), hasted, wreathed by umbra, very
quick
A: antennae 1, claws 1, condensation shield, weakness stinger 1, foul shadow 1
a: Renounce Religion


You were on level 5 of the Dungeon.
You worshipped Xom.
You were a special plaything of Xom.
You visited 1 branch of the dungeon, and saw 5 of its levels.

You collected 240 gold pieces.
You spent 78 gold pieces at shops.

Inventory:

Hand Weapons
 a - a +1 hand axe of chaos (weapon)
 k - a +4 hand axe
 s - the +0 mace of Edyumuth {drain, rCorr}
   (You found it on level 3 of the Dungeon)

   rCorr:     It protects you from acid and corrosion.
Missiles
 h - 7 boomerangs (quivered)
Armour
 b - the +0 robe of the Hills {rPois}
   (You found it on level 3 of the Dungeon)

   rPois:     It protects you from poison
 n - a +5 chain mail of positive energy (worn)
 o - a +0 pair of boots (worn)
Jewellery
 v - a +6 ring of dexterity (left claw)
Wands
 t - a wand of flame (45)
Scrolls
 c - a scroll of butterflies
 d - 2 scrolls of blinking
 f - 4 scrolls of teleportation
 g - 2 scrolls of enchant weapon
 i - a scroll of revelation
 q - a scroll of summoning
 u - a scroll of acquirement {unknown}
Potions
 e - a potion of brilliance
 l - a potion of berserk rage
 m - a potion of lignification {unknown}
 p - a potion of mutation {unknown}
 r - a potion of ambrosia {unknown}


   Skills:
 * Level 4.3 Fighting
 * Level 4.0 Axes
 * Level 3.3 Armour
 * Level 2.8 Dodging
 * Level 2.7 Stealth
 * Level 2.5 Unarmed Combat
 * Level 2.5 Spellcasting
 + Level 0.4 Evocations


You had 11 spell levels left.
You didn't know any spells.
Your spell library was empty.

Dungeon Overview and Level Annotations

Branches:
Dungeon (5/15)
 Temple: D:4-7

Altars:
Dithmenos
Hepliaklqana
Kikubaaqudgha
Sif Muna
Beogh

Shops:
D:2 *   D:3 =


Innate Abilities, Weirdness & Mutations

You have a pair of small antennae on your head.
You have sharp fingernails.
A meltable shield of frost defends you. (SH +4)
You have a small tail.
You are faintly shadowed, very rarely releasing foul flame when damaged in melee.


Message History

You closely miss the gnoll.
You tail-slap the gnoll, but do no damage.
The gnoll is moderately wounded.
You hit the gnoll.
You kill the gnoll!
You barely miss the gnoll sergeant.
You feel sick.
The gnoll sergeant hits you with a +2 spear of venom.
* * * LOW HITPOINT WARNING * * *
The gnoll hits you but does no damage.
You feel better.
The gnoll sergeant hits you but does no damage.
You are poisoned.
You hit the gnoll. You burn the gnoll.
The gnoll is heavily wounded.
You hit the gnoll sergeant but do no damage.
You drain the gnoll sergeant.
You feel sick. The gnoll sergeant closely misses you.
The gnoll hits you with a +0 spear!
* * * LOW HITPOINT WARNING * * *
Unknown command.
It was a potion of berserk rage.
A red film seems to cover your vision as you go berserk!
You feel yourself moving faster!
You feel mighty!
Xom thinks this is hilarious!
You feel sick.
The gnoll sergeant hits you with a +2 spear of venom.
* * * LOW HITPOINT WARNING * * *
The gnoll hits you with a +0 spear.
* * * LOW HITPOINT WARNING * * *
You closely miss the gnoll.
Your tail-slap misses the gnoll.
The gnoll is heavily wounded.
You hit the gnoll sergeant.
You feel sick.
The gnoll sergeant hits you with a +2 spear of venom!
* * * LOW HITPOINT WARNING * * *
You are more poisoned.
Unknown command.
You closely miss the gnoll.
The gnoll is heavily wounded.
You closely miss the gnoll sergeant.
You die...
Xom is highly amused!

##..).. #. ..#
##.#.... #.
.....###.#####. #..
#....# # #.. ######.##
#... #.......#
###...######.####..###
.....................#
......g@))...........#
.......)g....#.....###
###...######.#.....#
#... #.......# # #..
#.#.###.# # #..
#........# # #### #.
###....>## # ..... #.
#####<# # ... .#


You could see a gnoll and a neutral gnoll sergeant (fast, strong, frenzied, very
drained).

Vanquished Creatures
  A black bear (D:4)
  A centaur (D:5)
  A phantom (D:5)
  2 scorpions
  A howler monkey (D:4)
  A bombardier beetle (D:3)
  A hound (D:5)
  Terence (D:2)
  An orc wizard (D:5)
  2 gnolls (D:5)
  An adder (D:2)
  4 ribbon worms
  9 orcs
  4 bats
  2 endoplasms
  5 giant cockroaches
  4 goblins
  9 hobgoblins
  11 jackals
  3 quokkas
  4 ball pythons
  2 frilled lizards
  7 kobolds
  10 rats
87 creatures vanquished.

Vanquished Creatures (collateral kills)
  An ogre (D:5)
  2 gnolls (D:5)
3 creatures vanquished.

Grand Total: 90 creatures vanquished

Notes
Turn   | Place    | Note
-------+----------+-------------------------------------------
     0 | D:1      | ezpacito the Demonspawn Chaos Knight began the quest for
                  | the Orb.
     0 | D:1      | Reached XP level 1. HP: 18/18 MP: 1/1
    52 | D:1      | Reached skill level 1 in Dodging
   155 | D:1      | Discovered your monstrous ancestry.
   155 | D:1      | Gained mutation: You have sharp fingernails. [demonic
                  | ancestry]
   155 | D:1      | Reached XP level 2. HP: 13/24 MP: 2/2
   229 | D:1      | XOM: silly message
   339 | D:1      | Gained mutation: You are faintly shadowed, very rarely
                  | releasing foul flame when damaged in melee. [demonic
                  | ancestry]
   339 | D:1      | Reached XP level 3. HP: 26/29 MP: 4/4
   699 | D:2      | XOM: god gift: scroll labelled TIBISITUPH {god gift}
   854 | D:2      | Reached skill level 1 in Stealth
   854 | D:2      | Noticed Terence
   865 | D:2      | XOM: enchant monster (good)
   885 | D:2      | Killed Terence
   886 | D:2      | Reached skill level 1 in Unarmed Combat
   886 | D:2      | Reached skill level 1 in Spellcasting
   886 | D:2      | Reached XP level 4. HP: 25/35 MP: 5/5
  1222 | D:2      | XOM: 7-stop teleportation journey
  1317 | D:2      | Found Luph's Assorted Antiques.
  1322 | D:2      | Bought a scroll labelled FORACO KALEALAU for 26 gold pieces
  1322 | D:2      | Bought a scroll labelled QIGHEI FEBOEGH for 26 gold pieces
  1322 | D:2      | Bought a scroll labelled VIURHAU TULUZI for 26 gold pieces
  1772 | D:3      | XOM: polymorph orc -> giant cockroach
  1806 | D:3      | Gained mutation: You have a pair of small antennae on your
                  | head. [demonic ancestry]
  1806 | D:3      | Reached XP level 5. HP: 22/41 MP: 5/7
  1833 | D:3      | Identified the +0 robe of the Hills {rPois}
  1852 | D:3      | XOM: noise
  1964 | D:3      | Identified the +0 mace of Edyumuth {drain, rCorr}
  1970 | D:3      | XOM: draining
  2040 | D:3      | Found a roughly hewn altar of Beogh.
  2040 | D:3      | XOM: 2-stop teleportation journey
  2090 | D:3      | XOM: silly message
  2099 | D:3      | XOM: divination: detect items
  2186 | D:3      | XOM: silly message
  2217 | D:3      | Found a shadowy altar of Dithmenos.
  2281 | D:3      | Found Yrghehakuo's Jewellery Shoppe.
  2450 | D:3      | Found a faded altar of an unknown god.
  2546 | D:4      | XOM: 2-stop teleportation journey
  2618 | D:4      | Noticed a black bear
  2624 | D:4      | Killed a black bear
  2625 | D:4      | Gained mutation: A meltable shield of frost defends you.
                  | (SH +4) [demonic ancestry]
  2625 | D:4      | Reached XP level 6. HP: 46/48 MP: 8/8
  2639 | D:4      | Found a shimmering blue altar of Sif Muna.
  3237 | D:4      | Found an ancient bone altar of Kikubaaqudgha.
  3467 | D:5      | Entered Level 5 of the Dungeon
  3542 | D:5      | XOM: 1-stop teleportation journey
  3580 | D:5      | Gained mutation: You have a small tail. [demonic ancestry]
  3580 | D:5      | Reached XP level 7. HP: 54/54 MP: 10/10
  3608 | D:5      | Found a hazy altar of Hepliaklqana.
  3764 | D:5      | XOM: potion effect (haste)
  3772 | D:5      | XOM: chaos upgrade
  3785 | D:5      | HP: 2/82 [gnoll sergeant/+2 spear of venom (10)]
  3786 | D:5      | Succumbed to a gnoll sergeant's poison

Illustrated notes

Levels and vault maps discovered:
D:1:      dpeg_arrival_ratfight, layout_rooms
D:2:      layout_loops_corners, serial_forest, infiniplex_forest_clump_large,
          infiniplex_forest_clump_tiny, infiniplex_forest_lined_4_way,
          infiniplex_forest_lined_corner, serial_shops, shop,
          grunt_ministairs_10, chequers_avenue, uniq_terence
D:3:      layout_basic, nicolae_dithmenos_through_a_glass_darkly, serial_shops,
          nicolae_shop_behind_doors, hellmonk_ecumenical_altar_defaced_shrine
D:4:      layout_gridville, nicolae_kikubaaqudgha_miasma_corner,
          nicolae_sif_muna_condensation
D:5:      layout_loops_cross, chequers_temple_overflow_statue_of_worship,
          mainiacjoe_overflow_24_doors, kennysheep_big_empty_room, uniq_ijyb

Skill      XL: |  1  2  3  4  5  6  7 |
---------------+----------------------+-----
Dodging        | 1 2 |  2.8
Armour         | 2 3 |  3.3
Axes           | 3 4 |  4.0
Stealth        | 1 2 |  2.7
Unarmed Combat | 1 2 |  2.5
Spellcasting   | 1 2 |  2.5
Fighting       | 4 |  4.3
Evocations     | |  0.4

Action                     |  1- 3 |  4- 6 |  7- 9 || total
---------------------------+-------+-------+-------++-------
  Melee: Hand axe          |    85 |   171 |    28 ||   284
         Tailslap          |       |       |     5 ||     5
    Use: Scroll            |       |    13 |       ||    13
         Potion            |       |       |     2 ||     2
   Stab: Sleeping          |     2 |       |       ||     2
         Petrified         |     3 |       |       ||     3
         Paralysed         |       |     1 |       ||     1
 Armour: Leather armour    |    44 |     6 |       ||    50
         Chain mail        |       |   152 |    25 ||   177
  Dodge: Dodged            |    59 |    71 |    20 ||   150
  Block: Other             |       |    14 |     6 ||    20

Table legend: (Time is in decaauts)
 A = Elapsed time spent in this place.
 B = Non-inter-level travel time spent in this place.
 C = Inter-level travel time spent in this place.
 D = Time resting spent in this place.
 E = Time spent auto-exploring this place.
 F = Levels seen in this place.
 G = Mean time per level.
                   A        B        C        D        E       F      G
               +--------+--------+--------+--------+--------+-----+--------+
         Total |   3815 |   3542 |    273 |     14 |   2880 |   5 |  763.0 |
       Dungeon |   3815 |   3542 |    273 |     14 |   2880 |   5 |  763.0 |
               +--------+--------+--------+--------+--------+-----+--------+

Top non-repeatable levels by time:
     D:2: 1218 daAuts
     D:4: 940 daAuts
     D:3: 789 daAuts
     D:1: 549 daAuts
     D:5: 317 daAuts
